AoeStats
← NotGG

Arena

510154911Analyzed
4v4 RM · 3d ago on Sep 29, 2026· 48m 18s· 8 players
Game mode
Random Map
Map size
Large (8 player)
Population
200
Speed
Normal
Resources
Standard
Victory
Conquest
Starting age
Dark Age
Ending age
Imperial Age
RankedLock teamsTeams togetherTeam positionsShared explorationLock speedFull tech treeHidden civsTurbo modeCheats
Victory
Defeat
🇫🇷 Britons · France
1165
+17
🇬🇧 Varangians · United Kingdom
1153
+17
🇩🇪 Vietnamese · Germany
1126
+18
🇩🇿 Celts · Algeria
1095
+20
🇦🇷 Georgians · Argentina
1250
-21
🇩🇪 Italians · Germany
1242
-20
🇲🇽 Celts · Mexico
1120
-16
🇦🇷 Danes · Argentina
1109
-15
lpt42
11:37 Feudal Age
12:35 Double-Bit Axe
15:13 Castle Age
13:21 Horse Collar
17:01 Bow Saw
17:53 Heavy Plow
18:51 Loom
19:57 Town Watch
22:38 Fletching
24:11 Wheelbarrow
23:57 Padded Archer Armor
24:55 Gold Mining
26:23 Hand Cart
27:30 Gold Shaft Mining
26:46 Stone Mining
27:19 Bodkin Arrow
28:15 Crossbowman
32:17 Imperial Age
30:36 Ballistics
30:14 Murder Holes
32:11 Yeomen
32:47 Leather Archer Armor
32:41 Arbalester
33:29 Bracer
34:43 Chemistry
34:31 Warwolf
34:51 Conscription
40:09 Ring Archer Armor
39:42 Scale Mail Armor
Comrade Toad
10:14 Feudal Age
10:40 Double-Bit Axe
15:15 Castle Age
15:25 Bloodlines
16:43 Horse Collar
17:18 Bow Saw
19:03 Loom
20:18 Heavy Plow
21:56 Gold Mining
22:19 Husbandry
24:31 Wheelbarrow
23:44 Town Watch
24:44 Scale Barding Armor
25:16 Forging
26:29 Hand Cart
26:56 Iron Casting
27:45 Chain Barding Armor
27:26 Stone Mining
30:21 Vendel Legacy
34:24 Imperial Age
34:29 Cavalier
35:47 Plate Barding Armor
36:17 Blast Furnace
35:30 Caravan
35:12 Light Cavalry
39:46 Guilds
39:15 Hussar
ayoubDZtv
11:40 Feudal Age
12:17 Double-Bit Axe
12:28 Horse Collar
15:18 Castle Age
16:27 Bow Saw
16:38 Heavy Plow
17:42 Gold Mining
20:07 Loom
21:00 Wheelbarrow
25:54 Hand Cart
25:39 Pikeman
26:05 Gambesons
26:05 Arson
26:22 Scale Mail Armor
26:33 Forging
26:28 Town Watch
27:25 Chain Mail Armor
29:57 Imperial Age
28:52 Masonry
29:25 Iron Casting
31:50 Blast Furnace
31:21 Plate Mail Armor
31:32 Conscription
31:30 Furor Celtica
31:08 Halberdier
31:39 Heavy Scorpion
34:03 Fortified Wall
34:38 Sappers
41:56 Capped Ram
43:07 Fletching
44:20 Chemistry
43:25 Siege Engineers
45:02 Bodkin Arrow
45:30 Ballistics
46:07 Light Cavalry
47:31 Scale Barding Armor
wildknife_77
10:39 Feudal Age
13:03 Loom
13:56 Double-Bit Axe
13:52 Horse Collar
17:15 Castle Age
20:41 Wheelbarrow
20:13 Heavy Plow
20:26 Bow Saw
23:17 Gold Mining
23:17 Stone Mining
24:37 Ballistics
23:58 Treadmill Crane
29:17 Fortified Wall
31:30 Masonry
31:16 Murder Holes
34:10 Imperial Age
32:52 Hand Cart
32:23 Town Watch
32:33 Fletching
32:44 Padded Archer Armor
32:54 Forging
32:49 Scale Barding Armor
32:44 Guard Tower
33:22 Stone Mining
33:47 Chatras
33:31 Elite Skirmisher
34:15 Bodkin Arrow
34:35 Leather Archer Armor
34:51 Bodkin Arrow
35:11 Leather Archer Armor
34:23 Imperial Skirmisher
35:27 Paper Money
35:43 Hoardings
34:29 Elite Rattan Archer
37:03 Iron Casting
36:49 Chain Barding Armor
36:30 Bracer
37:00 Ring Archer Armor
37:36 Chemistry
36:22 Arrowslits
37:00 Bloodlines
36:50 Husbandry
38:55 Bombard Tower
38:02 Elite Battle Elephant
41:25 Keep
40:56 Siege Engineers
44:57 Plate Barding Armor
Ux'RaulitoMD
11:36 Feudal Age
11:17 Loom
15:23 Castle Age
13:21 Double-Bit Axe
14:58 Wheelbarrow
14:20 Stone Mining
15:13 Horse Collar
16:12 Wheelbarrow
15:23 Town Watch
17:55 Bow Saw
20:17 Fletching
20:31 Scale Mail Armor
26:19 Chain Mail Armor
26:35 Forging
29:01 Iron Casting
28:23 Arson
27:59 Pikeman
30:01 Bodkin Arrow
34:24 Imperial Age
33:38 Gold Mining
34:24 Stone Shaft Mining
33:48 Murder Holes
34:30 Gambesons
34:06 Man-at-Arms
35:22 Masonry
36:13 Chemistry
35:40 Conscription
34:57 Halberdier
36:47 Plate Mail Armor
37:00 Long Swordsman
38:44 Blast Furnace
38:48 Gold Shaft Mining
37:56 Two-Handed Swordsman
38:42 Stronghold
38:41 Onager
38:43 Capped Ram
38:44 Heavy Scorpion
40:30 Fortified Wall
40:32 Champion
NotGG
6:39 Loom
8:36 Feudal Age
15:17 Castle Age
13:07 Double-Bit Axe
13:16 Horse Collar
15:15 Gold Mining
15:31 Town Watch
17:49 Fervor
22:39 Stone Mining
30:55 Wheelbarrow
30:21 Town Patrol
30:36 Fortified Wall
30:17 Treadmill Crane
34:26 Imperial Age
32:50 Redemption
33:03 Sanctity
32:51 Herbal Medicine
33:18 Svan Towers
33:52 Bloodlines
33:43 Husbandry
33:47 Fletching
33:57 Padded Archer Armor
34:08 Forging
34:33 Ballistics
34:10 Murder Holes
34:56 Stone Shaft Mining
34:31 Bow Saw
34:54 Bodkin Arrow
35:15 Leather Archer Armor
35:06 Scale Barding Armor
35:36 Iron Casting
35:59 Aznauri Cavalry
36:14 Conscription
35:47 Guard Tower
36:58 Chemistry
36:26 Bracer
36:46 Chain Barding Armor
37:03 Parthian Tactics
36:29 Heavy Cavalry Archer
37:36 Hand Cart
38:48 Keep
40:48 Masonry
41:28 Elite Skirmisher
43:33 Blast Furnace
43:09 Plate Barding Armor
42:35 Scale Mail Armor
Paarradisel
10:13 Feudal Age
14:13 Castle Age
12:19 Double-Bit Axe
12:17 Horse Collar
17:21 Bow Saw
21:50 Gold Mining
24:50 Fletching
25:00 Padded Archer Armor
25:26 Heavy Plow
28:04 Imperial Age
25:26 Loom
26:16 Wheelbarrow
25:32 Town Watch
26:29 Wheelbarrow
25:50 Stone Mining
26:03 Bodkin Arrow
26:31 Ballistics
26:08 Murder Holes
27:39 Leather Archer Armor
29:55 Chemistry
29:10 Masonry
30:21 Two-Man Saw
30:05 Light Cavalry
30:56 Bloodlines
31:58 Pirotechnia
32:49 Bracer
33:20 Ring Archer Armor
32:56 Scale Barding Armor
45:23 Forging
45:34 Chain Barding Armor
Pepim14
10:20 Feudal Age
8:36 Loom
13:09 Double-Bit Axe
15:39 Castle Age
13:35 Gold Mining
14:29 Horse Collar
15:13 Stone Mining
17:08 Bow Saw
18:42 Wheelbarrow
22:18 Town Watch
22:47 Heavy Plow
24:27 Hand Cart
24:49 Scale Mail Armor
25:00 Forging
27:15 Gold Shaft Mining
30:04 Chain Mail Armor
33:03 Imperial Age
30:58 Arson
31:15 Squires
31:03 Gambesons
31:31 Pikeman
32:42 Hamask
34:18 Iron Casting
33:08 Capped Ram
33:38 Halberdier
34:35 Siege Ram
36:45 Plate Mail Armor
37:15 Blast Furnace
36:38 Conscription
37:42 Onager
39:33 Elite Varangian Guard
40:48 Siege Onager
44:28 Town Patrol
44:52 Ballistics
44:43 Masonry
44:35 Elite Skirmisher
Connection lost

Rejoining the realm…

Still unreachable

The connection could not be restored.

Session expired

The server has moved on; the page needs a fresh start.